 Dungeon Crawl Stone Soup version 0.18.1-5-g4a78601 (webtiles) character file.

94 Guinours the Insei (level 4, -11/28 HPs)
             Began as an Octopode Transmuter on May 11, 2016.
             Mangled by Sigmund
             ... wielding a +2 scythe of slicing
              (12 damage)
             ... on level 2 of the Dungeon.
             The game lasted 00:17:13 (2452 turns).

Guinours the Insei (Octopode Transmuter)            Turns: 2452, Time: 00:17:13

Health: -11/28     AC:  1    Str: 12 (13) XL:     4   Next: 63%
Magic:  7/7        EV: 12    Int: 15      God:
Gold:   109        SH:  0    Dex: 12 (13) Spells: 1 memorised, 7 levels left

rFire  . . .     SeeInvis +       - Unarmed
rCold  + + .     Gourm    .     (no shield)
rNeg   . . .     Faith    .     (helmet restricted)
rPois  +         Spirit   .     (no amulet)
rElec  +         Dismiss  .     f - +4 ring of strength
rCorr  +         Reflect  .     s - ring of see invisible
SustAt +         Harm     .     t - ring of ice
MR     .....                    u - ring of sustain attributes
Stlth  +++.......               (no ring)
                                (no ring)
                                (no ring)
                                (no ring)

@: about to teleport, resistant, not resistant to hostile enchantments, fairly
stealthy
A: almost no armour, amphibious, 8 rings, constrict 8, camouflage 1, gelatinous
body 1
a: no special abilities


You were on level 2 of the Dungeon.
You were not hungry.

You visited 1 branch of the dungeon, and saw 2 of its levels.

You collected 109 gold pieces.

Inventory:

Missiles
 a - 45 arrows
 d - 215 stones (quivered)
 e - 17 bolts
Jewellery
 f - a +4 ring of strength (left tentacle)
 s - a ring of see invisible (right tentacle)
 t - a ring of ice (on tentacle)
 u - a ring of sustain attributes (on tentacle)
Scrolls
 c - a scroll of enchant armour {unknown}
 g - a scroll of immolation {unknown}
 h - a scroll of fear {unknown}
Books
 b - a book of Changes

   Spells                             Type                      Level
   a - Beastly Appendage              Transmutation                1
   b - Sticks to Snakes               Transmutation                2
   c - Spider Form                    Transmutation/Poison         3
   d - Ice Form                       Ice/Transmutation            4
   e - Blade Hands                    Transmutation                5
Comestibles
 l - a meat ration
 o - 2 beef jerkies
 q - 3 fruits


   Skills:
 + Level 1.3 Fighting
 + Level 2.6 Dodging
 + Level 2.0 Stealth
 * Level 3.6 Unarmed Combat
 + Level 2.5 Spellcasting
 + Level 2.6 Transmutations


You had 7 spell levels left.
You knew the following spells:

 Your Spells              Type           Power        Failure   Level  Hunger
a - Beastly Appendage     Trmt           #.....       10%         1    #......


Dungeon Overview and Level Annotations

Branches:
Dungeon (2/15)

Altars:
Cheibriados
Gozag

Annotations:
D:2 Natasha, Sigmund


Innate Abilities, Weirdness & Mutations

You cannot wear most types of armour.
You are amphibious.
You can wear up to eight rings at the same time.
You can use your tentacles to constrict eight enemies at once.
Your skin changes colour to match your surroundings (Stealth).
Your rubbery body absorbs attacks (AC +1).


Message History

The hobgoblin misses you.
Read which item? (? for menu, Esc to quit)
As you read the scroll labeled QERISTREAGEDD, it crumbles to dust.
It is a scroll of identify.
Identify which item? (\ to view known items) (? for menu, Esc to quit)
n - a scroll of teleportation The goblin hits you but does no damage.
The hobgoblin hits you.
* * * LOW HITPOINT WARNING * * *
Sigmund barely misses you.
Unknown command.
Read which item? (? for menu, Esc to quit)
As you read the scroll of teleportation, it crumbles to dust.
You feel strangely unstable. The goblin completely misses you.
The hobgoblin barely misses you.
Unknown command.
Read which item? (? for menu, Esc to quit)
As you read the scroll labeled RIUMOTR NAER, it crumbles to dust.
You feel blessed for a moment.
It was a scroll of remove curse.
Sigmund hits you from afar with a scythe of slicing!
You die...

### ### ..# r
######.#####.###..
#.@..@............
#g####............
#@g..##.####.####.
#........# #.# .
#.....#..# #@# .
###.#..#.###.####.
.....###......@..
# .#..#.###.###.#
#.#.#< #.# #.# #
#.# #@# ###.# #.#


You could see Sigmund (invisible), a hobgoblin and a goblin.

Vanquished Creatures
  Natasha (D:2)
  An adder (D:2)
  5 dart slugs
  3 giant geckos
  A giant cockroach (D:1)
  5 goblins (D:1)
  4 hobgoblins (D:1)
  6 jackals (D:1)
  8 kobolds
  5 bats (D:1)
  2 giant newts (D:1)
  7 rats
  A bush (D:2)
  A plant (D:2)
50 creatures vanquished.

Vanquished Creatures (others)
  2 plants (D:2)
2 creatures vanquished.

Grand Total: 52 creatures vanquished

Notes
Turn   | Place    | Note
--------------------------------------------------------------
     0 | D:1      | Guinours the Octopode Transmuter began the quest for the Orb.
     0 | D:1      | Reached XP level 1. HP: 13/13 MP: 3/3
   125 | D:1      | Reached XP level 2. HP: 16/18 MP: 3/5
   571 | D:1      | Reached XP level 3. HP: 6/23 MP: 6/6
  1597 | D:2      | Found a snail-covered altar of Cheibriados.
  1612 | D:2      | Reached skill level 1 in Stealth
  1612 | D:2      | Reached XP level 4. HP: 15/28 MP: 7/7
  2129 | D:2      | Noticed Natasha
  2144 | D:2      | Killed Natasha
  2245 | D:2      | Noticed Natasha
  2410 | D:2      | Found an opulent altar of Gozag.
  2410 | D:2      | Noticed Sigmund
  2450 | D:2      | HP: 1/28 [hobgoblin (3)]
  2452 | D:2      | Mangled by Sigmund

Skill      XL: |  1  2  3  4 |
---------------+-------------+-----
Stealth        | 1 2 |  2.0
Fighting       | |  1.3
Dodging        | |  2.6
Unarmed Combat | |  3.6
Spellcasting   | |  2.5
Transmutations | |  2.6

Action                   |  1- 3 |  4- 6 || total
-------------------------+-------+-------++-------
Melee: Unarmed           |    87 |   118 ||   205
       Kick              |    23 |    29 ||    52
       Constrict         |    24 |    10 ||    34
       Tentacles         |    18 |    41 ||    59
       Punch             |       |     6 ||     6
 Cast: Beastly Appendage |    19 |    10 ||    29
  Use: Scroll            |       |     4 ||     4
       Potion            |       |     2 ||     2
 Stab: Sleeping          |     3 |     3 ||     6
  Eat: Bread ration      |     1 |       ||     1
       Chunk             |     1 |       ||     1
Armor: Skin              |     7 |     3 ||    10
Dodge: Dodged            |    59 |    20 ||    79
